AoeStats
← EN_Tsai

Arabia

509840531Analyzed
1v1 RM · 4d ago on Sep 28, 2026· 52m 51s· 2 players
Game mode
Random Map
Map size
Tiny (2 player)
Population
200
Speed
Normal
Resources
Standard
Victory
Conquest
Starting age
Dark Age
Ending age
Imperial Age
RankedLock teamsTeams togetherTeam positionsShared explorationLock speedFull tech treeHidden civsTurbo modeCheats
Victory
Defeat
🇹🇼 Saxons · Taiwan
1025
+17
🇹🇼 Japanese · Taiwan
1045
-17
EN_Tsai
9:44 Feudal Age
8:00 Loom
17:18 Castle Age
40:30 Fletching
40:41 Padded Archer Armor
42:38 Bodkin Arrow
42:59 Leather Archer Armor
46:33 Double-Bit Axe
❁屁演❁
12:06 Feudal Age
12:16 Man-at-Arms
14:09 Double-Bit Axe
14:57 Arson
21:56 Horse Collar
26:18 Castle Age
26:35 Fletching
27:04 Crossbowman
28:06 Loom
34:44 Wheelbarrow
37:50 Gold Mining
40:00 Bodkin Arrow
45:06 Elite Skirmisher
46:27 Heavy Plow
47:06 Ballistics
Connection lost

Rejoining the realm…

Still unreachable

The connection could not be restored.

Session expired

The server has moved on; the page needs a fresh start.